 Dungeon Crawl Stone Soup version 0.30.1-9-gdf580d7c3d (webtiles) character file.

Game seed: 9632285495111706249

125 lonewolfV2 the Shield-Bearer (level 5, -1/42 HPs)
             Began as a Formicid Fighter on Oct 11, 2023.
             Slain by an orc priest
             ... wielding a +0 mace
              (3 damage)
             ... on level 3 of the Dungeon.
             The game lasted 00:02:37 (2446 turns).

lonewolfV2 the Shield-Bearer (Formicid Fighter)     Turns: 2446, Time: 00:02:37

Health: -1/42      AC:  7    Str: 20    XL:     5   Next: 30%
Magic:  14/14      EV:  9    Int:  8    God:
Gold:   142        SH:  5    Dex: 15    Spells: 4/4 levels left

rFire   . . .        a - +0 war axe
rCold   . . .        c - +0 buckler
rNeg    . . .        b - +0 scale mail
rPois   .            (helmet unavailable)
rElec   .            (no cloak)
rCorr   .            (no gloves)
SInv    +            (no boots)
Will    .....        (no amulet) Stlth
                     h - ring of magical power
HPRegen 0.27/turn    (no ring)
MPRegen 0.14/turn

%: no passive effects
@: mighty
A: permanent stasis, dig shafts and tunnels, antennae 3, four strong arms
a: Dig, Shaft Self


You were on level 3 of the Dungeon.
You visited 1 branch of the dungeon, and saw 3 of its levels.

You collected 142 gold pieces.

Inventory:

Hand Weapons
 a - a +0 war axe (weapon)
Armour
 b - a +0 scale mail (worn)
 c - a +0 buckler (worn)
Jewellery
 h - a ring of magical power (left hand)
Wands
 k - a wand of charming (5)
Scrolls
 f - a scroll of poison
 g - a scroll of teleportation
 i - a scroll of fear
 l - a scroll of identify
Potions
 d - a potion of might
 e - a potion of attraction
 j - a potion of curing {unknown}


   Skills:
 + Level 3.6 Fighting
 + Level 3.4 Axes
 + Level 4.4 Armour
 + Level 0.6 Dodging
 + Level 4.4 Shields


You had 4 spell levels left.
You didn't know any spells.
Your spell library was empty.

Dungeon Overview and Level Annotations

Branches:
Dungeon (3/15)

Altars:
Okawaru

Annotations:
D:3 1 transporter


Innate Abilities, Weirdness & Mutations

You cannot be hasted, slowed, berserked, paralysed or teleported.
You can dig through walls and to a lower floor.
You have a pair of large antennae on your head. (SInv)
Your four strong arms can wield two-handed weapons with a shield.


Message History

The ball python grabs you. The ball python constricts you.
The orc priest hits you with a +0 mace. The orc hits you with a +0 whip.
You barely miss the orc priest.
The orc priest is moderately wounded.
You slash the orc!
You kill the orc!
You slash the ball python!
You kill the ball python!
The orc priest barely misses you. You block the orc priest's attack.
The orc barely misses you.
You hit the orc priest but do no damage.
The orc priest is moderately wounded.
You hit the orc. The orc priest hits you with a +0 mace.
* * * LOW HITPOINT WARNING * * *
The orc hits you with a +0 hand axe.
* * * LOW HITPOINT WARNING * * *
You hit the orc priest but do no damage.
The orc priest is moderately wounded.
You closely miss the orc.
The orc priest hits you but does no damage.
The orc closely misses you.
Unknown command.
Level annotation: 1 transporter Welcome back, lonewolfV2 the Formicid Fighter.
Press ? for a list of commands and other information.
You barely miss the orc priest.
The orc priest is moderately wounded.
You hit the orc.
You kill the orc!
The orc priest barely misses you.
You closely miss the orc priest.
The orc priest is moderately wounded.
The orc priest mumbles some strange prayers to Beogh against you.
Pain shoots through your body!
* * * LOW HITPOINT WARNING * * *
The orc priest hits you with a +0 mace.
* * * LOW HITPOINT WARNING * * *
You feel very mighty all of a sudden. The orc priest hits you with a +0 mace.
You die...

######.......#
.............#
...........#
######.........#
.....#.........#
....#..)).....#
# #).#.........#
#8#..#..)......#
....Z#.....@)..#
....!#©....o)..#
....?#..####..##
#8#..#..# #..#
###..#..# #$..#
{ .....#..#
#.#..# .....#..#
#.##...
###########..#
#.# ##.
)............#


You could see an orc priest and a bullfrog skeleton.

Vanquished Creatures
  3 gnolls (D:3)
  3 adders
  A worm (D:2)
  A dart slug (D:1)
  7 orcs (D:3)
  7 ball pythons
  An endoplasm (D:2)
  5 goblins
  4 hobgoblins
  3 jackals (D:2)
  2 quokkas
  4 bats
  6 frilled lizards
  5 kobolds
  6 rats
  A butterfly (D:2)
59 creatures vanquished.

Notes
Turn   | Place    | Note
-------+----------+-------------------------------------------
     0 | D:1      | lonewolfV2 the Formicid Fighter began the quest for the
                  | Orb.
     0 | D:1      | Reached XP level 1. HP: 18/18 MP: 1/1
   139 | D:1      | Reached XP level 2. HP: 12/24 MP: 2/2
   980 | D:2      | Reached XP level 3. HP: 24/29 MP: 3/3
  1464 | D:2      | Reached XP level 4. HP: 26/35 MP: 4/4
  2091 | D:3      | Found an iron altar of Okawaru.
  2155 | D:3      | Found a transporter.
  2368 | D:3      | Reached XP level 5. HP: 12/41 MP: 5/5
  2445 | D:3      | HP: 2/42 [orc priest/+0 mace (3)]
  2446 | D:3      | Slain by an orc priest

Illustrated notes

Levels and vault maps discovered:
D:1:      eino_arrival_cavern_e, layout_basic, grunt_decor_mini_mirrors,
          minmay_misc_feat_square
D:2:      layout_basic, minmay_misc_feat_tower, hangedman_glass_garden
D:3:      layout_rooms, kennysheep_okawaru_gauntlet,
          shapermc_ecumenical_altar_flowoftime, gammafunk_ghost_mausoleum,
          st_stairs_3

Skill      XL: |  1  2  3  4 |
---------------+-------------+-----
Armour         | 4 |  4.4
Axes           | 3 |  3.4
Fighting       | |  3.6
Dodging        | |  0.6
Shields        | |  4.4

Action                     |  1- 3 |  4- 6 || total
---------------------------+-------+-------++-------
  Melee: War axe           |    96 |    64 ||   160
    Use: Scroll            |       |     5 ||     5
         Potion            |       |     1 ||     1
 Armour: Scale mail        |    73 |    26 ||    99
  Dodge: Dodged            |    59 |    42 ||   101
  Block: Buckler           |    48 |    31 ||    79
